 Dungeon Crawl Stone Soup version 0.18.1-50-g88ac8fd (console) character file.

98 Goblin1989 the Firebug (level 4, 0/30 HPs)
             Began as a Demonspawn Fire Elementalist on Sept 20, 2016.
             Killed from afar by an orc wizard (7 damage)
             ... with a magic dart
             ... on level 3 of the Dungeon.
             The game lasted 00:15:06 (2835 turns).

Goblin1989 the Firebug (DsFE)                       Turns: 2835, Time: 00:15:07

Health: 0/30       AC:  6    Str:  9    XL:     4   Next: 43%
Magic:  8/8        EV: 12    Int: 17    God:
Gold:   43         SH:  0    Dex: 13    Spells: 3 memorised, 0 levels left

rFire  . . .     SeeInvis .     e - +0 dagger (drain)
rCold  . . .     Gourm    .     a - +0 robe
rNeg   . . .     Faith    .     (no shield)
rPois  .         Spirit   .     (no helmet)
rElec  .         Dismiss  .     n - +0 cloak
rCorr  .         Reflect  .     (no gloves)
SustAt .         Harm     .     h - +0 pair of boots
MR     .....                    (no amulet)
Stlth  +.........               (no ring)
                                (no ring)

@: confused, not resistant to hostile enchantments, very unstealthy
A: yellow scales 1
a: no special abilities


You were on level 3 of the Dungeon.
You were not hungry.

You visited 1 branch of the dungeon, and saw 4 of its levels.

You collected 43 gold pieces.

Inventory:

Hand Weapons
 e - a +0 dagger of draining (weapon)
Armour
 a - a +0 robe (worn)
 h - a +0 pair of boots (worn)
 n - a +0 cloak (worn)
 t - a +1 hat
Scrolls
 g - 3 scrolls of identify {unknown}
 o - a scroll of remove curse {unknown}
 p - a scroll of amnesia {unknown}
 q - a scroll of enchant weapon {unknown}
Potions
 f - a potion of invisibility {unknown}
 i - a potion of brilliance {unknown}
 l - 2 potions of degeneration {unknown}
 m - a potion of heal wounds {unknown}
 s - a potion of curing {unknown}
Books
 b - a book of Flames

   Spells                             Type                      Level
   a - Flame Tongue                   Conjuration/Fire             1
   b - Throw Flame                    Conjuration/Fire             2
   c - Conjure Flame                  Conjuration/Fire             3
   d - Inner Flame                    Hexes/Fire                   3
   e - Sticky Flame                   Conjuration/Fire             4
   f - Fireball                       Conjuration/Fire             5
Comestibles
 c - 5 bread rations
 j - 3 fruits
 k - a meat ration


   Skills:
 - Level 1.7 Dodging
 - Level 1.7 Stealth
 + Level 2.6 Spellcasting
 * Level 1.8 Conjurations
 * Level 4.1 Fire Magic


You couldn't memorise any spells.
You knew the following spells:

 Your Spells              Type           Power        Failure   Level  Hunger
a - Flame Tongue          Conj/Fire      ##...        6%          1    #......
b - Sticky Flame          Conj/Fire      ##......     58%         4    #####..
j - Conjure Flame         Conj/Fire      ##......     17%         3    ###....


Dungeon Overview and Level Annotations

Branches:
Dungeon (4/15)
 Temple: D:4-7

Altars:


Innate Abilities, Weirdness & Mutations

You are partially covered in yellow scales (AC +2).


Message History

Unknown command.
You closely miss something. Something hits you but does no damage.
You regained 4 hp, and now have 9/30 hp.
Unknown command.
Something hits you.
You regained 3 hp, and now have 12/30 hp.
Unknown command.
You bump into the rock wall.
You hear some strange, mumbled words.
A magic dart appears from out of thin air!
The magic dart hits you!
* * * LOW HITPOINT WARNING * * *
You take 7 damage, and have 5/30 hp.
MASSIVE DAMAGE!!
Unknown command.
You hit something. Something hits you.
* * * LOW HITPOINT WARNING * * *
You hear some strange, mumbled words.
A magic dart appears from out of thin air!
The magic dart hits you!
You die...

.....ਜ
ਜ.ਜਜਜਜਜਜ.ਜ.ਜਜ..†.......ਜ
ਜਜਜਜ.ਜ ਜ.
.....ਜ.ਜਜਜ▲ਜ.......ਜ †....ਜਜ
ਜ. ......>.........ਜਜਜ.ਜ
.....ਜਜ.ਜ.ਜਜਜਜਜਜਜਜਜਜਜ.[....ਜ
ਜ.ਜ .>...ਜਜ.(..(.).....
ਜ......ਜ ਜ.ਜ
....ਜਜਜਜਜਜ.ਜਜਜਜਜਜਜਜ
ਜ......ਜਜਜ.ਜਜ


ਜਜਜਜਜ ਜ.ਜ ਜ......>[.... ਜ.ਜਜਜਜਜਜਜਜਜਜ......ਜਜਜਜਜਜ ਜ......@..........ਜ ਜਜਜ
ਜਜਜਜਜਜਜਜਜਜਜਜਜ.ਜਜਜਜਜ ..ਜ ਜ.ਜ ਜ.ਜ ਜ.ਜ ਜ.ਜ ਜ.ਜ ਜ.ਜ ਜ.ਜ ਜ.ਜ ਜ.ਜ ਜ.ਜ ਜ.ਜ ਜ.ਜ ਜ.ਜ
There were no monsters in sight!

Vanquished Creatures
  4 adders
  A worm (D:2)
  A dart slug (D:1)
  2 giant geckos
  4 orcs (D:3)
  7 bats
  2 giant cockroaches (D:2)
  6 goblins
  5 hobgoblins
  4 jackals (D:1)
  3 giant newts
  6 kobolds
  6 rats
51 creatures vanquished.

Notes
Turn   | Place    | Note
--------------------------------------------------------------
     0 | D:1      | Goblin1989 the Demonspawn Fire Elementalist began the quest for the Orb.
     0 | D:1      | Reached XP level 1. HP: 13/13 MP: 3/3
   265 | D:1      | Reached skill level 3 in Fire Magic
   346 | D:1      | Gained mutation: You are partially covered in yellow scales (AC +2). [demonic ancestry]
   346 | D:1      | Reached XP level 2. HP: 17/19 MP: 0/5
   982 | D:1      | Reached XP level 3. HP: 24/24 MP: 1/6
  1294 | D:2      | Learned a level 3 spell: Conjure Flame
  1960 | D:2      | You fall through a shaft for 2 floors!
  2064 | D:3      | Reached XP level 4. HP: 25/30 MP: 0/7
  2299 | D:3      | Reached skill level 4 in Fire Magic
  2333 | D:3      | Learned a level 4 spell: Sticky Flame
  2830 | D:3      | HP: 1/30 [something/magic dart (5)]
  2835 | D:3      | Killed from afar by an orc wizard

Skill      XL: |  1  2  3  4 |
---------------+-------------+-----
Fire Magic     | 3 4 |  4.1
Dodging        | |  1.7
Stealth        | |  1.7
Spellcasting   | |  2.6
Conjurations   | |  1.8

Action                   |  1- 3 |  4- 6 || total
-------------------------+-------+-------++-------
Melee: Dagger            |    16 |     6 ||    22
 Cast: Flame Tongue      |    92 |    23 ||   115
       Conjure Flame     |       |     1 ||     1
  Use: Potion            |     1 |     1 ||     2
  Eat: Chunk             |     4 |     3 ||     7
Armor: Robe              |    17 |    11 ||    28
Dodge: Dodged            |    40 |    11 ||    51

Vault maps used:
D:1:      dpeg_arrival_pits
D:4:      first_bread
